 Dungeon Crawl Stone Soup version 0.22-a0-533-g4d20840 (webtiles) character file.

321042 Darkshadow the Slayer (level 20, -5/202 HPs)
             Began as a Minotaur Berserker on June 22, 2018.
             Was a High Priest of Trog.
             Killed by the air
             ... invoked by a titan
              (29 damage)
             ... on level 4 of the Vaults.
             The game lasted 04:52:59 (51507 turns).

Darkshadow the Slayer (Minotaur Berserker)         Turns: 51507, Time: 04:52:59

Health: -5/202     AC: 24    Str: 25    XL:     20   Next: 63%
Magic:  0/8        EV: 14    Int:  5    God:    Trog [*****.]
Gold:   2810       SH: 22    Dex: 15    Spells: 19/19 levels left

rFire    + . .     SeeInvis +   a - +5 eveningstar (antimagic)
rCold    + + .     Gourm    .   t - +0 large shield
rNeg     + . .     Faith    .   W - +3 plate armour {MR+}
rPois    .         Spirit   +   (helmet restricted)
rElec    .         Reflect  .   u - +0 cloak of Distant Shores {rC+ rN+} (curse)
rCorr    +         Harm     .   F - +0 pair of gloves
MR       ++++.                  (no boots)
Stlth    ..........             B - amulet of Xom's Absentmindedness {Spirit rC+ SInv}
HPRegen  1.43/turn              G - ring of resist corrosion
MPRegen  0.11/turn              q - ring of protection from fire

@: berserk cooldown, regenerating, slowed, heavily drained, very slow
A: retaliatory headbutt, horns 2, no potion heal 1
}: 2/15 runes: decaying, gossamer
a: Berserk, Trog's Hand, Brothers in Arms, Renounce Religion


You were on level 4 of the Vaults.
You worshipped Trog.
Trog was extremely pleased with you.
You were not hungry.

You visited 6 branches of the dungeon, and saw 36 of its levels.
You also visited: Labyrinth.

You collected 3812 gold pieces.
You spent 1002 gold pieces at shops.

Inventory:

Hand Weapons
 a - a +5 antimagic eveningstar (weapon)
 b - a +4 sacred scourge of holy wrath
 I - a +4 eveningstar of freezing
Missiles
 d - 10 tomahawks of dispersal
 e - 773 stones (quivered)
 X - 4 javelins of penetration
Armour
 s - +0 ice dragon scales
 t - a +0 large shield (worn)
 u - the cursed +0 cloak of Distant Shores (worn) {rC+ rN+}
   (You found it on level 4 of the Swamp)

   It protects you from cold.
   It protects you from negative energy.
   It has a curse placed upon it.
 y - a +2 plate armour of cold resistance
 F - a +0 pair of gloves (worn)
 W - a +3 plate armour of magic resistance (worn)
Jewellery
 p - an uncursed ring of poison resistance
 q - a ring of protection from fire (right hand)
 B - the amulet of Xom's Absentmindedness (around neck) {Spirit rC+ SInv}
   (You found it on level 1 of the Vaults)

   [amulet of guardian spirit]

   It causes incoming damage to be split between your health and magic.
   It protects you from cold.
   It lets you see invisible.
 G - a ring of resist corrosion (left hand)
 H - a +4 ring of dexterity
 M - an uncursed amulet of guardian spirit {unknown}
 O - an uncursed ring of see invisible
Wands
 r - a wand of disintegration (43)
 w - a wand of digging (23)
 z - a wand of paralysis (28)
Scrolls
 f - 17 scrolls of identify {@r1}
 i - 9 scrolls of teleportation
 j - 10 scrolls of enchant armour
 o - a scroll of brand weapon
 v - 5 scrolls of enchant weapon
 x - 7 scrolls of remove curse {@r2}
 C - a scroll of acquirement {unknown}
 D - a scroll of holy word
 Q - 2 scrolls of fear
 R - a scroll of summoning
 V - a scroll of blinking
 Z - a scroll of fog
Potions
 g - 3 potions of magic
 h - a potion of cancellation
 k - 2 potions of berserk rage
 l - 4 potions of resistance
 m - 5 potions of ambrosia
 n - 3 potions of mutation
 A - 5 potions of brilliance
 J - a potion of agility
 K - 4 potions of haste
 N - a potion of might
 P - 11 potions of curing {@q1}
 S - a potion of invisibility
 U - 4 potions of flight
Miscellaneous
 E - a fan of gales
 L - a sack of spiders
Comestibles
 c - 31 rations


   Skills:
 * Level 22.5(20.2) Fighting
 - Level 16.0(14.0) Maces & Flails
 + Level 19.1(17.0) Armour
 + Level 15.3(13.3) Dodging
 + Level 20.1(17.9) Shields
 - Level 8.0(6.3) Evocations


You had 19 spell levels left.
You didn't know any spells.
Your spell library was empty.

Dungeon Overview and Level Annotations

Branches:
Dungeon (15/15)            Temple (0/1) D:7            Lair (6/6) D:11
  Swamp (4/4) Lair:4       Spider (4/4) Lair:4        Slime (0/5) Lair:6
    Orc (2/2) D:12            Elf (0/3) Orc:2        Vaults (5/5) D:14
  Crypt (0/3) Vaults:2     Depths (0/5) D:15

Altars:
Cheibriados
Dithmenos
Elyvilon
Fedhas
Kikubaaqudgha
Makhleb
Ru
Sif Muna
Xom
Yredelemnul
Beogh
Jiyva

Shops:
D:8 =   D:10 *   D:11 *!   D:12 (   D:15 *   Orc:2 *%}[   Vaults:1 *
Vaults:2 *   Vaults:3 (   Vaults:4 =

Portals:
Trove: Vaults:2 (show abyssal rune of Zot)

Annotations:
D:13 exclusion: downstairs
Vaults:2 Boris


Innate Abilities, Weirdness & Mutations

You reflexively headbutt those who attack you in melee.
You have a pair of horns on your head.
Potions are less effective at restoring your health.


Message History

You eat one of the 32 rations.
That ration really hit the spot!
The titan waves its arms in wide circles.
The air twists around and strikes you!
* * * LOW HITPOINT WARNING * * *
The ghostly deep elf death mage misses you.
Your system partially rejects the healing.
You feel much better.
The ghostly deep elf death mage hits you but does no damage.
You block the ghostly deep elf death mage's attack.
Okay, then.
Your deep troll goes berserk!
You feel quite a bit more hungry.
The ghostly deep elf death mage casts a spell at you.
The bolt of negative energy hits you! You partially resist.
You feel drained.
* * * LOW HITPOINT WARNING * * *
The bolt of negative energy hits your deep troll.
Your deep troll is drained!
The titan waves its arms in wide circles.
The air twists around and strikes you!
You die...

.#
#...#..#.....#.#......##....
.#
#.[.#..#.....'.'......##..≈.
.#
#...'..#######.#......##....
.#
#####..........#......##.≈..
.#
#...)...#####..#########....
.#
####)##.#...#...#.....##..≈.
.#
#...).#.'...#...#.>...##....
.#
#.....#)#####C..#.^...##....
.#
#.....#..)T@eC..'.....######
.# #######################
.# .# .# .# .# ##


You could see a titan, a fire giant, a ghostly deep elf death mage and a
friendly deep troll (berserk).

Vanquished Creatures
  Mennas (Vaults:3)
  Arachne (Spider:2)
  Jorgrun (Swamp:4)
  The ghost of Koonexune the Hoplite, a veteran VSFi of Okawaru (Vaults:1)
  A lich (Vaults:4)
  Gastronok (Lair:2)
  An azure jelly (Swamp:4)
  Roxanne (Swamp:3)
  2 fire giants
  A deep elf sorcerer (Vaults:2)
  Aizul (Spider:2)
  2 frost giants
  6 vault wardens
  3 ghost moths (Spider:4)
  Louise (Swamp:4)
  12 emperor scorpions
  15 ironheart preservers
  8 entropy weavers
  A ghoul (Vaults:1)
  4 stone giants
  A very ugly thing (Swamp:3)
  A deep elf annihilator (Vaults:2)
  A minotaur (Lab)
  2 ettins (Vaults:4)
  2 deep elf death magi
  A fire dragon (D:15)
  2 great orbs of eyes
  6 yaktaur captains
  26 vault guards
  A rakshasa (Vaults:1)
  3 centaur warriors
  6 ice dragons
  12 hydras
  2 ghost crabs
  An anaconda (shapeshifter) (Vaults:3)
  5 alligators
  3 death knights
  36 two-headed ogres
  10 ogre magi
  3 catoblepae
  3 dancing weapons
  A death yak (Lair:3)
  An orc high priest (Orc:2)
  7 spriggans
  Nergalle (D:11)
  A shadow wraith (Vaults:4)
  A fire crab (shapeshifter) (Vaults:2)
  3 deep elf knights
  41 slime creatures
  6 skeletal warriors
  A hell knight (Vaults:3)
  2 spriggan druids
  5 wizards
  10 deep trolls
  2 unseen horrors (D:14)
  3 deep elf archers
  4 swamp dragons
  20 ironbrand convokers
  10 harpies
  12 orc knights
  15 orb spiders
  3 cyclopes
  34 wolf spiders
  2 necromancers (Vaults:4)
  24 ugly things
  A shining eye (shapeshifter) (Vaults:3)
  13 deep elf magi
  2 salamanders (shapeshifter) (Vaults:3)
  5 orc sorcerers
  10 elephants
  2 manticores
  A fire giant skeleton (Vaults:4)
  2 centaur zombies (D:15)
  A guardian serpent (shapeshifter) (Vaults:3)
  A frost giant skeleton (Vaults:4)
  Maurice (D:8)
  4 torpor snails
  7 vault sentinels
  30 spiny frogs
  6 gargoyles
  A rime drake (Lair:5)
  10 komodo dragons
  10 freezing wraiths
  2 efreet (D:14)
  17 demonic crawlers
  37 yaktaurs
  3 polar bears (D:10)
  A yaktaur skeleton (Vaults:4)
  30 jumping spiders
  8 trolls
  A wolf spider simulacrum (D:15)
  3 meliai (Spider:4)
  15 tyrant leeches
  19 hornets
  Grinder (D:5)
  A blink frog (shapeshifter) (Vaults:2)
  14 dream sheep
  25 blink frogs
  A dream sheep (shapeshifter) (Vaults:4)
  5 bog bodies
  A stone giant simulacrum (Vaults:4)
  7 hippogriffs
  3 shadows
  A vampire (D:15)
  4 wraiths
  41 tarantellas
  A centaur simulacrum (D:15)
  Sigmund (D:3)
  62 redbacks
  53 yaks
  A fire bat (shapeshifter) (Vaults:1)
  A tarantella (shapeshifter) (Vaults:1)
  2 wyverns
  9 basilisks
  A steam dragon (shapeshifter) (Vaults:3)
  8 hungry ghosts
  A steam dragon (Lair:5)
  A human (shapeshifter) (Vaults:1)
  31 vampire mosquitoes
  5 swamp worm simulacra (Swamp:4)
  A golden eye (shapeshifter) (Vaults:3)
  2 human simulacra
  A yaktaur simulacrum (Vaults:2)
  6 wargs
  Menkaure (D:6)
  14 swamp worms
  12 insubstantial wisps
  A soldier ant (shapeshifter) (D:15)
  13 hydra simulacra (Swamp:4)
  3 soldier ants
  2 acid dragons
  A deep troll zombie (Vaults:4)
  10 porcupines
  19 water moccasins
  3 sky beasts
  8 swamp drakes
  10 ice beasts
  2 black bears
  32 orc warriors
  48 ogres
  A phantom (D:11)
  An eye of draining (D:10)
  10 wolves
  4 boggarts (Vaults:3)
  2 human skeletons (Vaults:4)
  15 crocodiles
  6 centaurs
  2 big kobolds (D:11)
  A gnoll sergeant (D:4)
  27 bullfrogs
  A wyvern zombie (D:12)
  A wyvern skeleton (D:13)
  A hornet simulacrum (D:14)
  12 scorpions
  14 killer bees
  8 wights
  6 howler monkeys
  2 electric eels
  6 crimson imps
  2 quasits
  3 bullfrog zombies (D:12)
  3 centaur skeletons
  6 jellies
  A bullfrog skeleton (D:9)
  4 gnoll shamans (D:4)
  16 orc priests
  9 hounds
  4 iguanas
  Terence (D:3)
  7 worker ants
  15 orc wizards
  A bullfrog simulacrum (D:10)
  3 worker ant zombies
  43 gnolls
  6 adders
  A howler monkey skeleton (D:7)
  6 shadow imps
  A worker ant simulacrum (D:10)
  2 ufetubi (D:10)
  2 oozes
  3 swamp drake simulacra (Swamp:4)
  A worm (shapeshifter) (Vaults:1)
  4 worms
  3 dart slugs
  3 leopard geckos
  97 orcs
  7 bats
  8 giant cockroaches
  2 gnoll zombies (D:5)
  12 goblins
  6 hobgoblins
  23 jackals
  2 quokkas
  3 frilled lizards
  A jackal skeleton (D:4)
  15 kobolds
  A quokka skeleton (D:10)
  2 rats
  A bush (Lair:2)
  A fungus (Lair:2)
1564 creatures vanquished.

Vanquished Creatures (collateral kills)
  A yaktaur captain (Vaults:1)
  A vault guard (Vaults:4)
  An ironbrand convoker (Vaults:2)
  An orc knight (Vaults:1)
  A deep elf mage (Vaults:2)
  An orc warrior (Vaults:1)
  An orc priest (Vaults:1)
  A quokka (D:8)
8 creatures vanquished.

Vanquished Creatures (others)
  An azure jelly (Swamp:4)
  2 deep elf knights (Vaults:4)
  A moth of wrath (Spider:4)
  2 kobold demonologists (D:11)
  2 spriggans (Swamp:4)
  A human (D:5)
  A big kobold (D:11)
  An orc (Orc:1)
  7 fungi
  44 plants
62 creatures vanquished.

Grand Total: 1634 creatures vanquished

Notes
Turn   | Place    | Note
-------+----------+-------------------------------------------
     0 | D:1      | Darkshadow the Minotaur Berserker began the quest for the Orb.
     0 | D:1      | Reached XP level 1. HP: 19/19 MP: 0/0
   302 | D:1      | Reached XP level 2. HP: 27/27 MP: 1/1
   492 | D:1      | Reached skill level 4 in Fighting
   886 | D:1      | Reached XP level 3. HP: 33/33 MP: 2/2
  1005 | D:2      | Found a shimmering altar of Xom.
  1231 | D:2      | Found a shadowy altar of Dithmenos.
  1283 | D:2      | Reached ** piety under Trog
  1523 | D:2      | Found a snail-covered altar of Cheibriados.
  1584 | D:2      | Found a sacrificial altar of Ru.
  1811 | D:3      | Reached XP level 4. HP: 28/41 MP: 3/3
  2108 | D:3      | Reached skill level 5 in Maces & Flails
  2406 | D:3      | Noticed Terence
  2414 | D:3      | Killed Terence
  2414 | D:3      | Reached XP level 5. HP: 47/47 MP: 4/4
  2448 | D:3      | Noticed Sigmund
  2460 | D:3      | Killed Sigmund
  2460 | D:3      | Reached skill level 5 in Fighting
  2460 | D:3      | Reached XP level 6. HP: 31/56 MP: 5/5
  2746 | D:3      | Found a white marble altar of Elyvilon.
  3037 | D:4      | Found a deep blue altar of Sif Muna.
  3232 | D:5      | Entered Level 5 of the Dungeon
  3234 | D:5      | Reached XP level 7. HP: 62/62 MP: 6/6
  3241 | D:4      | Reached skill level 5 in Armour
  3292 | D:4      | Reached *** piety under Trog
  3558 | D:4      | Reached skill level 6 in Fighting
  3815 | D:4      | Found a burning altar of Makhleb.
  4340 | D:4      | Reached XP level 8. HP: 71/71 MP: 7/7
  4399 | D:4      | Reached **** piety under Trog
  5099 | D:5      | Reached skill level 7 in Fighting
  5191 | D:5      | Found a basalt altar of Yredelemnul.
  5623 | D:5      | Found an ancient bone altar of Kikubaaqudgha.
  5891 | D:6      | Noticed Menkaure
  5897 | D:6      | Killed Menkaure
  5972 | D:6      | Noticed Grinder
  5984 | D:5      | Reached skill level 10 in Maces & Flails
  6116 | D:5      | Paralysed by Grinder for 4 turns
  6121 | D:5      | Killed Grinder
  6175 | D:6      | Reached XP level 9. HP: 68/81 MP: 8/8
  6178 | D:6      | Reached skill level 8 in Fighting
  6929 | D:7      | Reached ***** piety under Trog
  7014 | D:7      | Found a staircase to the Ecumenical Temple.
  7913 | D:8      | Noticed a two-headed ogre
  7920 | D:8      | Killed a two-headed ogre
  7920 | D:8      | Reached skill level 9 in Fighting
  7997 | D:8      | Noticed Maurice
  8207 | D:8      | Killed Maurice
  8207 | D:8      | Reached XP level 10. HP: 91/91 MP: 9/9
  8371 | D:8      | Found a blossoming altar of Fedhas.
  8376 | D:8      | Reached skill level 1 in Shields
  8620 | D:8      | Received a gift from Trog
  8935 | D:8      | Found Agot's Jewellery Shoppe.
  9307 | D:9      | Found an ancient bone altar of Kikubaaqudgha.
  9578 | D:10     | Entered Level 10 of the Dungeon
  9828 | D:10     | Noticed a manticore
  9841 | D:10     | Killed a manticore
  9841 | D:10     | Reached skill level 10 in Fighting
  9841 | D:10     | Reached skill level 5 in Shields
  9982 | D:10     | Noticed a two-headed ogre
  9988 | D:10     | Killed a two-headed ogre
 10033 | D:10     | Found Ofet's Assorted Antiques.
 10093 | D:10     | Reached skill level 10 in Armour
 10116 | D:10     | Reached XP level 11. HP: 90/100 MP: 10/10
 10164 | D:10     | Noticed a two-headed ogre
 10240 | D:10     | Killed a two-headed ogre
 10699 | D:11     | Found Ryckaic's Distillery.
 10705 | D:11     | Bought a potion of agility for 52 gold pieces
 10705 | D:11     | Bought a potion of haste for 130 gold pieces
 10705 | D:11     | Bought a potion of curing for 39 gold pieces
 11007 | D:11     | Found Jajaka's General Store.
 11021 | D:11     | Noticed a frost giant
 11040 | D:11     | Killed a frost giant
 11040 | D:11     | Reached skill level 11 in Fighting
 11253 | D:11     | Found a staircase to the Lair.
 11400 | D:11     | Noticed Nergalle
 11408 | D:11     | Killed Nergalle
 11443 | D:11     | Received a gift from Trog
 11457 | D:11     | Reached XP level 12. HP: 110/110 MP: 11/11
 12084 | D:11     | Found a gateway to a bazaar.
 12205 | D:12     | Noticed a seven-headed hydra
 12220 | D:11     | Killed a seven-headed hydra
 12220 | D:11     | Reached skill level 15 in Maces & Flails
 12549 | D:12     | Reached skill level 10 in Shields
 12652 | D:12     | Found a staircase to the Orcish Mines.
 12700 | D:12     | Noticed a two-headed ogre
 12710 | D:12     | Killed a two-headed ogre
 12836 | D:12     | Noticed a six-headed hydra
 12852 | D:12     | Killed a six-headed hydra
 12868 | D:12     | Noticed a two-headed ogre
 12875 | D:12     | Killed a two-headed ogre
 12908 | D:12     | Found Oheuc's Antique Weapon Shop.
 13811 | D:13     | Noticed a two-headed ogre
 13814 | D:13     | Killed a two-headed ogre
 13869 | D:13     | Noticed a centaur warrior
 13882 | D:13     | Killed a centaur warrior
 13882 | D:13     | Received a gift from Trog
 14194 | D:14     | Noticed a death knight
 14436 | D:14     | Reached skill level 12 in Fighting
 14641 | D:14     | Noticed a catoblepas
 14823 | D:14     | Killed a catoblepas
 14863 | D:14     | Reached XP level 13. HP: 106/118 MP: 12/12
 15731 | D:14     | Found a gate to the Vaults.
 15960 | D:15     | Entered Level 15 of the Dungeon
 16378 | D:8      | Bought an uncursed ring of poison resistance for 260 gold pieces
 16378 | D:8      | Bought an uncursed ring of protection from fire for 325 gold pieces
 16473 | Lair:1   | Entered Level 1 of the Lair of Beasts
 16563 | Lair:2   | Noticed Gastronok
 16591 | Lair:2   | Killed Gastronok
 16591 | Lair:2   | Reached skill level 5 in Dodging
 16935 | Lair:2   | Found a labyrinth entrance.
 16955 | Lab      | Entered a labyrinth
 17202 | Lab      | Reached skill level 13 in Fighting
 17617 | Lab      | Noticed a minotaur
 17624 | Lab      | Killed a minotaur
 18424 | Lair:1   | Reached skill level 1 in Evocations
 18688 | Lair:1   | Reached XP level 14. HP: 129/129 MP: 13/13
 19932 | Lair:4   | Found a hole to the Spider Nest.
 19998 | Lair:4   | Found a staircase to the Swamp.
 20995 | Lair:5   | Received a gift from Trog
 22003 | Lair:6   | Entered Level 6 of the Lair of Beasts
 22261 | Lair:5   | Reached ****** piety under Trog
 22399 | Lair:6   | Found a runed door.
 22401 | Lair:6   | Found a viscous altar of Jiyva.
 22404 | Lair:6   | Found a staircase to the Slime Pits.
 22440 | Lair:5   | Reached skill level 15 in Shields
 22828 | Lair:5   | Reached skill level 14 in Fighting
 22997 | Lair:5   | Received a gift from Trog
 23231 | Lair:6   | Reached XP level 15. HP: 128/138 MP: 5/17
 24216 | Orc:1    | Entered Level 1 of the Orcish Mines
 24454 | Orc:1    | You fall through a shaft!
 24454 | Orc:2    | Entered Level 2 of the Orcish Mines
 24481 | Orc:2    | Found a staircase to the Elven Halls.
 24735 | Orc:2    | Received a gift from Trog
 24865 | Orc:2    | Found a roughly hewn altar of Beogh.
 24901 | Orc:2    | Reached skill level 5 in Evocations
 25251 | Orc:2    | Found Began's Food Shoppe.
 25251 | Orc:2    | Found Jelatrofi's Assorted Antiques.
 25259 | Orc:2    | Found Evyfercha's Antique Armour Boutique.
 25259 | Orc:2    | Found Wiyqioda's Gadget Shoppe.
 25275 | Orc:2    | Bought a potion of curing for 108 gold pieces
 26006 | Swamp:1  | Entered Level 1 of the Swamp
 26257 | Swamp:1  | Received a gift from Trog
 26492 | Swamp:1  | Reached skill level 15 in Fighting
 27749 | Swamp:3  | Reached XP level 16. HP: 149/149 MP: 6/19
 27807 | Swamp:3  | Received a gift from Trog
 27937 | Swamp:3  | Reached skill level 15 in Armour
 27947 | Swamp:3  | Reached skill level 10 in Dodging
 28532 | Swamp:3  | Noticed Roxanne
 28733 | Swamp:4  | Entered Level 4 of the Swamp
 28812 | Swamp:4  | Reached skill level 16 in Fighting
 29210 | Swamp:4  | Noticed Jorgrun
 29433 | Swamp:4  | Killed Jorgrun
 29542 | Swamp:4  | Noticed Louise
 29933 | Swamp:4  | Killed Louise
 30397 | Swamp:4  | Received a gift from Trog
 30402 | Swamp:4  | Got a fine dire flail {god gift}
 30936 | Swamp:4  | Got a jewelled cloak
 30947 | Swamp:4  | Identified the cursed +0 cloak of Distant Shores {rC+ rN+} (You found it on level 4 of the Swamp)
 31537 | Swamp:3  | Killed Roxanne
 31539 | Swamp:3  | Identified Roxanne's Volume of Stones (You took it off Roxanne on level 3 of the Swamp)
 31701 | Swamp:4  | Got a decaying rune of Zot
 31855 | Spider:1 | Entered Level 1 of the Spider Nest
 32864 | Spider:2 | Received a gift from Trog
 32898 | Spider:1 | Reached skill level 17 in Fighting
 33439 | Spider:2 | Noticed Aizul
 33478 | Spider:2 | Killed Aizul
 33478 | Spider:2 | Reached XP level 17. HP: 106/161 MP: 7/21
 34028 | Spider:3 | Noticed Arachne
 34354 | Spider:2 | Killed Arachne
 35322 | Spider:4 | Entered Level 4 of the Spider Nest
 35356 | Spider:3 | Received a gift from Trog
 35842 | Spider:4 | Reached skill level 18 in Fighting
 36265 | Spider:4 | Received a gift from Trog
 37417 | Spider:4 | Reached XP level 18. HP: 109/174 MP: 7/23
 38283 | Spider:4 | Got a gossamer rune of Zot
 38643 | D:15     | Reached skill level 19 in Fighting
 38885 | D:15     | Found a staircase to the Depths.
 39353 | D:15     | Received a gift from Trog
 39422 | D:15     | Found Fuecuor's General Store.
 39508 | D:15     | Paralysed by a wizard for 7 turns
 39696 | Vaults:1 | Entered Level 1 of the Vaults
 40193 | Vaults:1 | Received a gift from Trog
 40464 | Vaults:1 | Found a large runed door.
 40464 | Vaults:1 | Found a large runed door.
 40464 | Vaults:1 | Noticed Koonexune's ghost (veteran VSFi)
 40648 | Vaults:1 | Reached skill level 20 in Fighting
 40678 | Vaults:1 | Found Qyurreimu's General Store.
 40687 | Vaults:1 | Bought a potion of cancellation for 88 gold pieces
 41106 | Vaults:1 | Received a gift from Trog
 41539 | Vaults:1 | Killed Koonexune's ghost
 41554 | Vaults:1 | Got an ancient tin amulet
 41557 | Vaults:1 | Identified the amulet of Xom's Absentmindedness {Spirit rC+ SInv} (You found it on level 1 of the Vaults)
 41807 | Vaults:1 | Reached XP level 19. HP: 185/185 MP: 8/24
 41858 | Vaults:2 | Noticed Mennas
 43625 | Vaults:2 | Found Feudghiodo's General Store.
 43639 | Vaults:2 | Noticed Boris
 43950 | Vaults:2 | Received a gift from Trog
 44546 | Vaults:2 | Reached skill level 21 in Fighting
 44783 | Vaults:2 | Found a portal to a secret trove of treasure.
 44981 | Vaults:2 | Found a staircase to the Crypt.
 44981 | Vaults:2 | Found an ancient bone altar of Kikubaaqudgha.
 44981 | Vaults:2 | Found a basalt altar of Yredelemnul.
 45190 | Vaults:3 | Found Boxtunke's Weapon Shop.
 45753 | Vaults:3 | Received a gift from Trog
 46143 | Vaults:3 | Killed Mennas
 47358 | Vaults:3 | Gained mutation: Potions are less effective at restoring your health. [a shining eye]
 47600 | Vaults:3 | Reached XP level 20. HP: 199/199 MP: 12/25
 48459 | Vaults:4 | Received a gift from Trog
 48818 | Vaults:4 | Reached skill level 22 in Fighting
 49052 | Vaults:4 | Found Ablokave's Jewellery Boutique.
 49343 | Vaults:4 | Reached skill level 15 in Dodging
 49493 | Vaults:4 | Received a gift from Trog
 50037 | Vaults:4 | Noticed a golden dragon
 50043 | Vaults:4 | a golden dragon changed into an iron dragon
 50063 | Vaults:4 | Noticed a caustic shrike
 50063 | Vaults:4 | a frost giant changed into a caustic shrike
 50099 | Vaults:5 | Entered Level 5 of the Vaults
 51505 | Vaults:4 | HP: 7/202 [titan/the air (19)]
 51507 | Vaults:4 | Killed from afar by a titan

Vault maps used:
D:1:      minmay_arrival_split_and_join, minmay_misc_feat_five
D:2:      grunt_dithmenos_smoke_and_mirrors, lemuel_coloured_pillars_altar,
          xom_butterflies, hangedman_ru_absence, first_ration
D:3:      lemuel_crystal_altar, uniq_terence, uniq_sigmund
D:4:      lemuel_castle_with_subvaults, old_standard_altar, lemuel_round_altar,
          minmay_ogre_servants
D:5:      lemuel_zombie_altar_yredelemnul, tgw_kikubaaqudgha
D:6:      minivault_14, uniq_menkaure, uniq_grinder
D:7:      minmay_temple_entry_trees
D:8:      fedhas_altar_1, serial_shops, shop, uniq_maurice
D:9:      lemuel_doored_altar
D:10:     serial_ice, serial_ice_k, serial_ice_h, serial_ice_n, serial_ice_c,
          serial_ice_e, serial_ice_m, serial_ice_o, serial_shops,
          nicolae_shop_stone
D:11:     david_lair_generic, serial_shops, bzr_firewalk, shop, shop,
          hangedman_pestilent_swarm, kennysheep_just_a_vault, uniq_nergalle
D:12:     david_orc_1_choice, serial_shops, nicolae_shop_crystal
D:14:     erik_vaults_1, hangedman_abyss_or_decor_lesser_grid
D:15:     grunt_enter_depths_hoard, serial_shops, shop, abandoned_shop,
          feat_on_display
Lair:2:   lab_entry_generic, beast_lair_carwin_6, lemuel_fruit_fields,
          uniq_gastronok
Lair:3:   infiniplex_staircase_pool_2
Lair:4:   minmay_swamp_entry_worms, nicolae_spider_entry_non_spiders,
          grunt_megastairs_5
Lair:5:   guppyfry_lair_drakes, lemuel_fruit_fields
Lair:6:   minmay_lair_end_frog_pond, slime_altar_2, minivault_27
Swamp:1:  nicolae_swamp_triple_paths
Swamp:2:  nicolae_swamp_orc_logging_accident
Swamp:3:  serial_swamp_ruin, evilmike_swamp_ruin_house_5,
          evilmike_swamp_ruin_house_3, uniq_roxanne
Swamp:4:  swamp_icy, swamp_pool4, uniq_louise, uniq_jorgrun
Spider:1: spider_trap
Spider:2: uniq_aizul
Spider:3: spiders_nest_scorpion_pit, uniq_arachne
Spider:4: guppyfry_spider_rune, nicolae_arachne_temple
Orc:2:    st_orc_ogre_mass, basic_altar
Vaults:1: advil_vaults_ghost_guards, ontoclasm_vaults_idyll,
          hangedman_vaults_snaps, grunt_vaults_trifunnel, v_misc_8, st_cross,
          v_pattern_2, grunt_vaults_twisty, nicolae_vaults_twisting_passages,
          v_misc_14, vaults_mumra_hex, ontoclasm_vaults_misaligned,
          ontoclasm_vaults_decontamination, serial_shops, nicolae_shop_trees
Vaults:2: ontoclasm_vaults_spin, minmay_crypt_entry_necro_gods,
          nicolae_vaults_rhombus_6, v_misc_26, nicolae_vaults_angled_halls,
          nicolae_vaults_network_periphery, serial_shops,
          nicolae_shop_competitors_out_of_business, enter_trove_6, uniq_boris,
          uniq_mennas
Vaults:3: vaults_room_pool, hangedman_vaults_unwind, v_misc_32,
          grunt_vaults_focal, v_misc_33, v_misc_24,
          nicolae_vaults_network_quinsquares, vaults_dpeg_diagonal, v_pattern_4,
          v_misc_19, vaults_standard_mumra_x, serial_ice_h,
          nicolae_vaults_little_squares_3, grunt_vaults_hallway_long,
          vaults_room_hangedman_quadrants, serial_shops, nicolae_shop_stone
Vaults:4: v_rooms_5, hangedman_vaults_cutoff, nicolae_vaults_angled_halls,
          v_rooms_1, vaults_room_fours, v_misc_29, hangedman_vaults_slice,
          nicolae_vaults_specimen_jars, nicolae_vaults_diagonal_hallway_8,
          nicolae_vaults_little_ls, nicolae_vaults_ring_of_whatevers,
          serial_shops, shop
Lab:      labyrinth_spiral, nicolae_lab_starburst, nicolae_lab_dead_end,
          lab_statue

Skill      XL: |  1  2  3  4  5  6  7  8  9 10 11 12 13 14 15 16 17 18 19 20 |
---------------+-------------------------------------------------------------+-----
Fighting       | 4 5 6 7 9 10 11 12 13 14 15 17 18 20 21 22 | 22.5
Maces & Flails | 4 5 6 7 8 10 12 13 14 16 | 16.0
Armour         | 3 4 6 7 9 10 11 12 13 14 15 16 17 18 19 | 19.1
Shields        | 6 9 11 13 15 16 17 18 19 20 | 20.1
Dodging        | 3 6 8 9 11 12 13 14 15 | 15.3
Evocations     | 1 4 6 7 8 |  8.0

Action                   |  1- 3 |  4- 6 |  7- 9 | 10-12 | 13-15 | 16-18 | 19-21 || total
-------------------------+-------+-------+-------+-------+-------+-------+-------++-------
Melee: Mace              |    68 |    25 |       |       |       |       |       ||    93
       Headbutt          |    10 |     9 |    58 |   144 |   358 |   582 |   366 ||  1527
       Morningstar       |       |    29 |   315 |   394 |       |       |       ||   738
       Unarmed           |       |       |     1 |       |       |       |       ||     1
       Eveningstar       |       |       |       |   237 |  1399 |  2063 |   894 ||  4593
       Demon whip        |       |       |       |       |       |    11 |       ||    11
       Sacred scourge    |       |       |       |       |       |       |   380 ||   380
Throw: Stone             |    13 |     6 |    27 |     1 |       |    70 |    24 ||   141
       Tomahawk          |       |       |       |    46 |     5 |       |       ||    51
       Javelin           |       |       |       |       |    48 |    12 |       ||    60
Invok: Berserk           |       |     3 |    11 |     9 |    19 |    26 |    14 ||    82
       Trog's Hand       |       |       |     3 |       |     5 |     6 |     8 ||    22
       Brothers in Arms  |       |       |     1 |     1 |       |     1 |     7 ||    10
Evoke: Wand              |       |       |       |       |     1 |     1 |       ||     2
  Use: Scroll            |       |     6 |     9 |     7 |     1 |    19 |     2 ||    44
       Potion            |       |       |       |     1 |       |     5 |     8 ||    14
 Stab: Distracted        |       |       |       |       |       |     1 |     1 ||     2
  Eat: Chunk             |     2 |     8 |    22 |    33 |    51 |    28 |    25 ||   169
       Ration            |       |       |     2 |     1 |     3 |    14 |     8 ||    28
Armor: Animal skin       |    26 |       |       |       |       |       |       ||    26
       Scale mail        |       |    17 |    57 |       |       |       |       ||    74
       Ice dragon scales |       |       |    69 |   295 |   111 |    76 |       ||   551
       Plate armour      |       |       |       |       |   423 |   797 |   254 ||  1474
Dodge: Dodged            |    58 |    38 |   212 |   241 |   523 |   863 |   280 ||  2215
Block: Shield            |       |       |       |   392 |   980 |   283 |       ||  1655
       Large shield      |       |       |       |       |       |  2021 |  1078 ||  3099

Table legend:
 A = Spawn XP
 B = Non-spawn XP
 C = Spawn XP percentage of total XP
 D = Spawn monster count
 E = Non-spawn monster count
 F = Spawn count percentage of total count
 G = Total turns spent on level
                    A         B        C        D         E        F      G
               +---------+---------+-------+---------+---------+-------+---------
         Total |       0 |  545105 |   0.0 |       0 |    1574 |   0.0 | 51507
               +---------+---------+-------+---------+---------+-------+---------
           D:1 |       0 |      54 |   0.0 |       0 |      22 |   0.0 |   986
           D:2 |       0 |      24 |   0.0 |       0 |      11 |   0.0 |   757
           D:3 |       0 |     494 |   0.0 |       0 |      23 |   0.0 |  1174
           D:4 |       0 |    1120 |   0.0 |       0 |      71 |   0.0 |  2123
           D:5 |       0 |     799 |   0.0 |       0 |      18 |   0.0 |   981
           D:6 |       0 |     849 |   0.0 |       0 |      19 |   0.0 |   901
           D:7 |       0 |     735 |   0.0 |       0 |      24 |   0.0 |  1200
           D:8 |       0 |    2599 |   0.0 |       0 |      18 |   0.0 |  1048
           D:9 |       0 |     380 |   0.0 |       0 |       7 |   0.0 |   521
          D:10 |       0 |    8424 |   0.0 |       0 |      54 |   0.0 |  1069
          D:11 |       0 |    8820 |   0.0 |       0 |      61 |   0.0 |  1983
          D:12 |       0 |    4973 |   0.0 |       0 |      31 |   0.0 |   915
          D:13 |       0 |    3733 |   0.0 |       0 |      19 |   0.0 |  1430
          D:14 |       0 |   15512 |   0.0 |       0 |      44 |   0.0 |  1483
          D:15 |       0 |   17382 |   0.0 |       0 |      33 |   0.0 |  1257
        Lair:1 |       0 |    3633 |   0.0 |       0 |      22 |   0.0 |   930
        Lair:2 |       0 |    8314 |   0.0 |       0 |      25 |   0.0 |   855
        Lair:3 |       0 |    3654 |   0.0 |       0 |      11 |   0.0 |   971
        Lair:4 |       0 |    3267 |   0.0 |       0 |      22 |   0.0 |  1150
        Lair:5 |       0 |   18619 |   0.0 |       0 |      61 |   0.0 |  1812
        Lair:6 |       0 |   19008 |   0.0 |       0 |      85 |   0.0 |  1477
       Swamp:1 |       0 |    8395 |   0.0 |       0 |      21 |   0.0 |   891
       Swamp:2 |       0 |    9025 |   0.0 |       0 |      30 |   0.0 |   851
       Swamp:3 |       0 |   20988 |   0.0 |       0 |      53 |   0.0 |  2141
       Swamp:4 |       0 |   21076 |   0.0 |       0 |      60 |   0.0 |  1927
      Spider:1 |       0 |   14984 |   0.0 |       0 |      39 |   0.0 |  1236
      Spider:2 |       0 |   14778 |   0.0 |       0 |      18 |   0.0 |  1343
      Spider:3 |       0 |   25523 |   0.0 |       0 |      67 |   0.0 |  1889
      Spider:4 |       0 |   46547 |   0.0 |       0 |     105 |   0.0 |  2062
         Orc:1 |       0 |    2208 |   0.0 |       0 |      28 |   0.0 |   454
         Orc:2 |       0 |   23240 |   0.0 |       0 |      86 |   0.0 |  1187
      Vaults:1 |       0 |   66605 |   0.0 |       0 |     116 |   0.0 |  2291
      Vaults:2 |       0 |   54459 |   0.0 |       0 |      95 |   0.0 |  3977
      Vaults:3 |       0 |   43874 |   0.0 |       0 |      74 |   0.0 |  2367
      Vaults:4 |       0 |   62325 |   0.0 |       0 |      85 |   0.0 |  3118
      Vaults:5 |       0 |    4483 |   0.0 |       0 |       4 |   0.0 |    58
           Lab |       0 |    4202 |   0.0 |       0 |      12 |   0.0 |   692
               +---------+---------+-------+---------+---------+-------+---------
